 Dungeon Crawl Stone Soup version 0.31-a0-986-g5e6e4ef867 (webtiles) character file.

Game seed: 15142477034476231597

5462 Bartus99 the Ruffian (level 10, -2/102 HPs)
             Began as a Troll Fighter on Nov 22, 2023.
             Was a Follower of Qazlal.
             Slain by a quasit (3 damage)
             ... summoned by a kobold demonologist
             ... on level 9 of the Dungeon.
             The game lasted 00:38:35 (5464 turns).

Bartus99 the Ruffian (Troll Fighter)                Turns: 5464, Time: 00:38:36

Health: -2/102     AC: -12   Str: 32      XL:     10   Next: 41%
Magic:  9/9        EV: 11    Int:  6 (7)  God:    Qazlal [*.....]
Gold:   420        SH: 14    Dex: 12 (14) Spells: 9/9 levels left

rFire   . . .        L - +4 mace
rCold   . . .        b - +0 kite shield
rNeg    + . .        M - +0 steam dragon scales
rPois   .            (helmet currently unavailable)
rElec   .            (cloak currently unavailable)
rCorr   .            (gloves unavailable)
SInv    .            (boots unavailable)
Will    .....        F - amulet of regeneration
Stlth   +            N - +6 ring of strength
HPRegen 1.97/turn    B - ring of positive energy
MPRegen 0.11/turn

%: no passive effects
@: about to teleport, beast-form, marked, corroded
A: beast (slay +0), large, unfitting armour, claws 3, regeneration 1, shaggy fur
1, tough skin 1, large bone plates 1, agile 1, clever 1, deterioration 1
a: Begin Untransformation, Renounce Religion


You were on level 9 of the Dungeon.
You worshipped Qazlal.
Qazlal was aware of your devotion.
You were a hulking beast.
You visited 1 branch of the dungeon, and saw 9 of its levels.
You also visited: Sewer.

You collected 420 gold pieces.

Inventory:

Hand Weapons
 H - a +1 glaive
 L - a +4 mace (weapon)
Missiles
 P - 4 throwing nets
Armour
 a - a +0 robe
 b - a +0 kite shield (worn)
 l - a +1 ring mail of fire resistance
 w - a +0 chain mail
 A - a +0 leather armour
 C - a +0 ring mail
 E - a +0 robe
 I - a +0 kite shield
 K - the +1 cloak of Weightlessness {rElec rF+ Int+2}
   (You found it on level 7 of the Dungeon)

   Int+2:     It affects your intelligence (+2).
   rF+:       It protects you from fire.
   rElec:     It insulates you from electricity.
 M - +0 steam dragon scales (worn)
Jewellery
 m - a +6 ring of dexterity
 v - a +6 ring of dexterity
 B - a ring of positive energy (right claw)
 F - an amulet of regeneration (around neck)
 N - a +6 ring of strength (left claw)
Talismans
 h - a beast talisman (active)
 j - a maw talisman
Wands
 e - a wand of flame (35)
 g - a wand of mindburst (8)
 y - a wand of iceblast (8)
 J - a wand of paralysis (6)
 O - a wand of digging (6)
Scrolls
 o - a scroll of silence {unknown}
 p - 2 scrolls of amnesia
 q - a scroll of immolation
 r - 3 scrolls of identify
 u - a scroll of blinking
 G - 2 scrolls of brand weapon {unknown}
Potions
 d - 2 potions of brilliance
 f - 2 potions of enlightenment
 k - 3 potions of attraction
 n - a potion of curing
 t - a potion of haste {unknown}
 x - 2 potions of invisibility
 z - a potion of resistance
 D - a potion of degeneration {unknown}


   Skills:
 - Level 7.0 Fighting
 * Level 5.2 Maces & Flails
 - Level 3.2 Armour
 - Level 6.2 Dodging
 - Level 5.5 Shields
 - Level 7.3 Unarmed Combat
 + Level 0.2 Earth Magic
 - Level 1.4 Shapeshifting


You had 9 spell levels left.
You didn't know any spells.
Your spell library contained the following spells:

 Spells                   Type           Power      Damage    Failure   Level
 Magic Dart               Conj           0%         1d3       65%         1
 Call Imp                 Summ           0%         N/A       78%         2
 Mephitic Cloud           Conj/Pois/Air  0%         N/A       95%         3


Dungeon Overview and Level Annotations

Branches:
Dungeon (9/15)             Temple (0/1) D:5           Sewer (visited)
   Lair: D:8-11         Orc: D:9-12

Altars:
Cheibriados
Qazlal
Ru
Uskayaw
Xom


Innate Abilities, Weirdness & Mutations

You are a hulking beast.
Your limbs bulge with bestial killing power. (Slay +0)
You are too large for most types of armour.
You have claws for hands.
Your natural rate of healing is unusually fast.
You are covered in fur. (AC +1)
You have tough skin. (AC +1)
You are partially covered in large bone plates. (SH +4)
You are agile. (Dex +4, Str/Int -1)
Your mind is acute. (Int +4, Str/Dex -1)
Your body sometimes deteriorates upon taking damage.


Message History

The kobold demonologist is almost dead.
You block the quasit's attack. x2; The quasit claws you.
The orc hits you from afar with a +0 trident!
The orc priest looks encouraged for a moment.
You block the orc warrior's attack.
The kobold demonologist gestures wildly while chanting.
The rust devil closely misses you.
The ynoxinul gestures.
You hit the kobold demonologist but do no damage.
The kobold demonologist is almost dead.
The quasit closely misses you. The quasit barely misses you.
You block the quasit's attack. You block the orc's attack.
The orc warrior hits you with a +0 flail!!
The kobold demonologist closely misses you.
The rust devil hits you! The rust devil corrodes you!
You block the quasit's attack. The quasit barely misses you.
The quasit claws you.
The orc hits you from afar with a +0 trident!
* * * LOW HITPOINT WARNING * * *
It was a potion of mutation.
You feel extremely strange.
Large bone plates grow over parts of your arms.
You feel yourself wasting away.
You feel clever.
You feel agile. The quasit closely misses you.
You block the quasit's attack. x2
The kobold demonologist hits you with a +0 mace!
* * * LOW HITPOINT WARNING * * *
The rust devil hits you.
* * * LOW HITPOINT WARNING * * *
The rust devil corrodes you!
The orc warrior hits you with a +0 flail!
* * * LOW HITPOINT WARNING * * *
Your body deteriorates!
You feel dopey.
As you read the scroll of teleportation, it crumbles to dust.
You feel strangely unstable. The quasit bites you.
* * * LOW HITPOINT WARNING * * *
You block the quasit's attack. x2
You block the kobold demonologist's attack.
The rust devil hits you.
* * * LOW HITPOINT WARNING * * *
The rust devil corrodes you! The quasit bites you.
You die...

#.#.........
#.####.#.... #
#........... #.
#..####.#.## .
#..##.).#.# #.
#..##.###.# ##5#
#..##.###.#
#5o4######.........#
#Kh5......##.#####
#5ooo##########.#
#.#3# #.# # #K #.# .
#.# .# #.# #. #.# #


You could see a rust devil (summoned), a kobold demonologist, a ynoxinul
(summoned), an orc warrior, an orc priest, 2 quasits, 2 ufetubi, 2 orcs and a
kobold.

Vanquished Creatures
  Harold (D:9)
  A kobold demonologist (D:8)
  Grinder (D:3)
  A yak (D:8)
  A human (D:8)
  3 hogs (D:8)
  A steam dragon (D:8)
  Grum (D:8)
  Menkaure (D:5)
  An acid dragon (D:7)
  The ghost of Moreman the Sneak, an amateur KoBr (D:3)
  A water moccasin (D:9)
  Duvessa (D:6)
  3 sky beasts
  2 black bears (D:6)
  An ogre (D:6)
  3 ice beasts
  3 wolves (D:8)
  2 centaurs (D:6)
  3 kobold brigands (D:8)
  5 bullfrogs
  2 scorpions (D:6)
  3 wights (D:8)
  Dowan (D:6)
  2 howler monkeys
  2 quasits (D:3)
  2 hounds
  4 jellies
  Jessica (D:3)
  3 iguanas
  7 orc wizards
  Robin (D:3)
  4 adders
  A river rat (Sewer)
  A shadow imp (D:6)
  A white imp (D:6)
  A worm (Sewer)
  2 dart slugs (D:4)
  23 orcs
  4 bats
  9 endoplasms
  6 giant cockroaches
  14 goblins
  2 hobgoblins
  8 kobolds
  2 quokkas
  7 ball pythons
  6 frilled lizards
  A rat (D:4)
157 creatures vanquished.

Vanquished Creatures (collateral kills)
  A hound (D:6)
  An orc (D:6)
2 creatures vanquished.

Grand Total: 159 creatures vanquished

Notes
Turn   | Place    | Note
-------+----------+-------------------------------------------
     0 | D:1      | Bartus99 the Troll Fighter began the quest for the Orb.
     0 | D:1      | Reached XP level 1. HP: 22/22 MP: 0/0
   297 | D:1      | Reached XP level 2. HP: 29/29 MP: 1/1
   568 | D:3      | Noticed Jessica
   571 | D:3      | Killed Jessica
   572 | D:3      | Reached XP level 3. HP: 34/37 MP: 2/2
   699 | D:3      | Noticed Grinder
   709 | D:3      | Paralysed by Grinder for 4 turns
   716 | D:3      | HP: 1/37 [Grinder (6)]
   718 | D:3      | Paralysed by Grinder for 4 turns
   721 | D:3      | HP: 1/37 [Grinder/nerve-wracking pain (6)]
   724 | D:3      | Killed Grinder
   725 | D:3      | Reached skill level 1 in Shapeshifting
   725 | D:3      | Reached XP level 4. HP: 6/49 MP: 3/3
   725 | D:3      | Reached XP level 5. HP: 6/55 MP: 4/4
   850 | D:3      | Found a transporter.
   873 | D:3      | Noticed Moreman's ghost (amateur KoBr)
   890 | D:3      | Found a transporter.
   909 | D:3      | Reached XP level 6. HP: 62/63 MP: 5/5
   938 | D:3      | Killed Moreman's ghost
  1201 | D:3      | Noticed Robin
  1232 | D:3      | Killed Robin
  1267 | D:4      | Found a shimmering altar of Xom.
  1269 | D:4      | Found a sacrificial altar of Ru.
  1449 | D:4      | Found a glowing drain.
  1486 | Sewer    | Entered a sewer
  1625 | Sewer    | Found a viscous altar of Jiyva.
  1689 | Sewer    | Reached XP level 7. HP: 69/71 MP: 6/6
  1906 | D:4      | Reached skill level 1 in Armour
  1941 | D:4      | Found a hide-covered altar of Uskayaw.
  2392 | D:5      | Entered Level 5 of the Dungeon
  2444 | D:5      | Found a staircase to the Ecumenical Temple.
  2673 | D:5      | Noticed Menkaure
  2880 | D:5      | Killed Menkaure
  2974 | D:6      | Noticed Dowan
  2977 | D:6      | Noticed Duvessa
  2990 | D:6      | Killed Duvessa
  2991 | D:6      | Reached skill level 5 in Unarmed Combat
  3005 | D:6      | Killed Dowan
  3006 | D:6      | Reached XP level 8. HP: 79/79 MP: 7/7
  3809 | D:6      | Reached XP level 9. HP: 87/87 MP: 8/8
  3854 | D:7      | Found a stormy altar of Qazlal.
  3867 | D:7      | Reached skill level 5 in Dodging
  3901 | D:7      | Became a worshipper of Qazlal Stormbringer
  4265 | D:7      | Identified the +1 cloak of Weightlessness {rElec rF+ Int+2}
  4392 | D:8      | Reached skill level 5 in Shields
  4411 | D:8      | Found a snail-covered altar of Cheibriados.
  4570 | D:8      | Reached skill level 5 in Fighting
  4631 | D:8      | Noticed Grum
  4655 | D:8      | HP: 2/89 [Grum/+1 glaive (20)]
  4656 | D:8      | Killed Grum
  4688 | D:8      | Reached * piety under Qazlal
  4699 | D:8      | Noticed a kobold demonologist
  4700 | D:8      | Noticed a kobold demonologist
  4723 | D:8      | Killed a kobold demonologist
  4734 | D:8      | Reached XP level 10. HP: 96/97 MP: 9/9
  4902 | D:8      | Reached skill level 1 in Maces & Flails
  5404 | D:9      | Noticed Harold
  5426 | D:9      | Killed Harold
  5427 | D:9      | Reached skill level 5 in Maces & Flails
  5455 | D:9      | Noticed a rust devil
  5463 | D:9      | Gained mutation: You are partially covered in large bone
                  | plates. (SH +4) [potion of mutation]
  5463 | D:9      | Gained mutation: Your body sometimes deteriorates upon
                  | taking damage. [potion of mutation]
  5463 | D:9      | Gained mutation: Your mind is acute. (Int +4, Str/Dex -1)
                  | [potion of mutation]
  5463 | D:9      | Gained mutation: You are agile. (Dex +4, Str/Int -1)
                  | [potion of mutation]
  5464 | D:9      | HP: 5/102 [quasit[a kobold demonologist] (3)]
  5464 | D:9      | HP: 1/102 [rust devil[a kobold demonologist] (4)]
  5464 | D:9      | Slain by a quasit

Illustrated notes

Levels and vault maps discovered:
D:1:      dpeg_arrival_central, layout_basic
D:2:      layout_basic
D:3:      layout_loops_ring, gammafunk_ghost_stat_death,
          chequers_ecumenical_altar_simple_redux, uniq_jessica, uniq_robin,
          uniq_grinder
D:4:      layout_loops_ring, eat_drink_and_be_merry_uskayaw,
          mainiacjoe_overflow_catch_the_wave, cheibrodos_sewer_entry_drain
D:5:      layout_gridville, pdpol_wu_jian_five_deadly_venoms, temple_pool_b,
          st_stairs_14, uniq_menkaure
D:6:      layout_cave_pods, uniq_duvessa
D:7:      layout_basic, amcnicky_altar_gilded
D:8:      layout_loops_ring, overflow_temple_1_default, minmay_holes,
          grunt_livestock, uniq_grum
D:9:      layout_loops_ring, uniq_harold

Skill      XL: |  1  2  3  4  5  6  7  8  9 10 |
---------------+-------------------------------+-----
Fighting       | 3 4 7 |  7.0
Shields        | 3 4 5 |  5.5
Shapeshifting  | 1 |  1.4
Armour         | 2 3 |  3.2
Unarmed Combat | 5 7 |  7.3
Dodging        | 4 6 |  6.2
Maces & Flails | 5 |  5.2
Earth Magic    | |  0.2

Action                     |  1- 3 |  4- 6 |  7- 9 | 10-12 || total
---------------------------+-------+-------+-------+-------++-------
  Melee: Unarmed           |    56 |   115 |   274 |     5 ||   450
         Mace              |       |       |       |    66 ||    66
  Evoke: Wand              |     1 |       |     1 |       ||     2
    Use: Potion            |       |     2 |     6 |     3 ||    11
         Scroll            |       |     3 |     8 |     1 ||    12
   Stab: Sleeping          |       |     1 |       |       ||     1
 Armour: Robe              |    44 |   102 |   177 |    29 ||   352
         Steam dragon scal |       |       |       |    71 ||    71
  Dodge: Dodged            |    27 |    58 |   112 |    60 ||   257
  Block: Kite shield       |    28 |    68 |   158 |    82 ||   336
   Form: Beast             |     1 |       |       |       ||     1

Table legend: (Time is in decaauts)
 A = Elapsed time spent in this place.
 B = Non-inter-level travel time spent in this place.
 C = Inter-level travel time spent in this place.
 D = Time resting spent in this place.
 E = Time spent auto-exploring this place.
 F = Levels seen in this place.
 G = Mean time per level.
                   A        B        C        D        E       F      G
               +--------+--------+--------+--------+--------+-----+--------+
         Total |   5485 |   5358 |    127 |    300 |   2254 |  10 |  548.5 |
       Dungeon |   5218 |   5091 |    127 |    300 |   2201 |   9 |  579.8 |
         Sewer |    267 |    267 |      0 |      0 |     53 |   1 |  267.0 |
               +--------+--------+--------+--------+--------+-----+--------+

Top non-repeatable levels by time:
     D:4: 899 daAuts
     D:6: 894 daAuts
     D:8: 893 daAuts
     D:3: 680 daAuts
     D:5: 517 daAuts
     D:7: 513 daAuts
     D:1: 360 daAuts
   Sewer: 267 daAuts
     D:9: 249 daAuts
     D:2: 209 daAuts
